 Seeded DCSS version 0.28-a0-1567-g1695149f81 (webtiles) character file.

Game seed: 1450 (custom seed)

57 knot the Chopper (level 3, -3/29 HPs)
             Began as a Demonspawn Berserker on Jan 19, 2022.
             Was a Believer of Trog.
             Slain by Grinder (10 damage)
             ... on level 3 of the Dungeon.
             The game lasted 00:01:18 (1910 turns).

knot the Chopper (Demonspawn Berserker)             Turns: 1910, Time: 00:01:19

Health: -3/29      AC:  2    Str: 17    XL:     3   Next: 73%
Magic:  3/3        EV: 12    Int: 10    God:    Trog [**....]
Gold:   173        SH:  0    Dex: 12    Spells: 2/2 levels left

rFire   . . .      SeeInvis .   a - +0 hand axe
rCold   . . .      Faith    .   (no shield)
rNeg    . . .      Spirit   .   b - +0 animal skin
rPois   .          Reflect  .   (no helmet)
rElec   .          Harm     .   (no cloak)
rCorr   .          Rampage  .   (no gloves)
Will    ++...                   (no boots)
Stlth   +.........              (no amulet)
HPRegen 1.09/turn               (no ring)
MPRegen 0.08/turn               (no ring)

@: strong-willed, on berserk cooldown, regenerating, slowed, very slow
A: demonic touch 1
a: Renounce Religion, Berserk, Trog's Hand


You were on level 3 of the Dungeon.
You worshipped Trog.
Trog was pleased with you.
You visited 1 branch of the dungeon, and saw 3 of its levels.

You collected 173 gold pieces.

Inventory:

Hand Weapons
 a - a +0 hand axe (weapon)
Missiles
 d - a stone (quivered)
 f - 3 poisoned darts
 j - 65 sling bullets
Armour
 b - a +0 animal skin (worn)
Jewellery
 g - a ring of see invisible
Scrolls
 e - a scroll of blinking {unknown}
 h - a scroll of fear {unknown}
 k - a scroll of identify {unknown}
Potions
 c - a potion of ambrosia {unknown}
 i - a potion of might {unknown}
 l - a potion of lignification {unknown}
 m - a potion of magic {unknown}
 n - a potion of invisibility {unknown}
 o - a potion of brilliance {unknown}


   Skills:
 - Level 3.0 Fighting
 + Level 4.3 Axes
 - Level 1.7 Armour
 - Level 1.7 Dodging


You had 2 spell levels left.
You didn't know any spells.
Your spell library was empty.

Dungeon Overview and Level Annotations

Branches:
Dungeon (2/15)

Altars:

Annotations:
D:3 Grinder


Innate Abilities, Weirdness & Mutations

Your touch may inflict minor irresistible damage on your foes.


Message History

You kill the kobold!
Trog accepts your kill.
You slash Grinder!
Grinder is moderately wounded.
Grinder blinks!
A red film seems to cover your vision as you go berserk!
You feel yourself moving faster!
You feel mighty! The frilled lizard barely misses you.
You closely miss the frilled lizard. Your touch misses the frilled lizard.
You slash the frilled lizard!
You kill the frilled lizard!
Trog accepts your kill. Grinder barely misses you.
Things that are here:
a +0 whip; a frilled lizard corpse; a kobold corpse You hit Grinder.
You touch Grinder.
Grinder is heavily wounded.
Grinder barely misses you.
You barely miss Grinder.
Grinder is heavily wounded.
Grinder blinks!
You feel a strong urge to attack something.
Found a stone staircase leading down.
You are no longer berserk.
You are exhausted.
You feel yourself slow down.
You hit Grinder but do no damage.
You touch Grinder.
Grinder is heavily wounded.
Grinder hits you!
You hit Grinder.
Grinder is severely wounded.
Grinder hits you.
You writhe in agony.
Grinder gestures at you. Pain shoots through your body!
* * * LOW HITPOINT WARNING * * *
Unknown command.
Your skin crawls.
You feel strong-willed. Grinder hits you!
You die...

######## #......### ###
#......+.# ..#
#......#.# . #.#
#......#.#
..#######.####......#.##
>..................†....
..........######........
......5@..).............
.........############.##
.........# #.#
.........# #.#
.........# #+#
.........# .........#
.........#


You could see Grinder.

Vanquished Creatures
  2 adders (D:2)
  2 endoplasms
  3 giant cockroaches
  A goblin (D:1)
  2 hobgoblins (D:1)
  11 jackals (D:1)
  2 kobolds
  A quokka (D:2)
  2 ball pythons
  3 bats
  2 frilled lizards
  5 rats
36 creatures vanquished.

Vanquished Creatures (others)
  A fungus (D:1)
  5 toadstools (D:1)
6 creatures vanquished.

Grand Total: 42 creatures vanquished

Notes
Turn   | Place    | Note
-------+----------+-------------------------------------------
     0 | D:1      | knot the Demonspawn Berserker began the quest for the Orb.
     0 | D:1      | Reached XP level 1. HP: 18/18 MP: 1/1
   174 | D:1      | Reached skill level 3 in Axes
   543 | D:1      | Gained mutation: Your touch may inflict minor irresistible
                  | damage on your foes. [demonic ancestry]
   543 | D:1      | Reached XP level 2. HP: 13/24 MP: 2/2
  1208 | D:2      | Reached XP level 3. HP: 29/29 MP: 3/3
  1409 | D:2      | Reached ** piety under Trog
  1521 | D:2      | Reached skill level 4 in Axes
  1873 | D:2      | You fall into a shaft and drop 1 floor!
  1892 | D:3      | Noticed Grinder
  1910 | D:3      | Slain by Grinder

Illustrated notes

Levels and vault maps discovered:
D:1:      giann_bridges, layout_loops_ring, chequers_garden, minmay_hedge_maze,
          minmay_gold_behind_fungi
D:2:      layout_loops_cross, minmay_misc_feat_five, minmay_tromino_v4_a
D:3:      layout_basic, nicolae_ecumenical_snake_handling, uniq_grinder

Skill      XL: |  1  2  3 |
---------------+----------+-----
Axes           | 3 4 |  4.3
Fighting       | |  3.0
Armour         | |  1.7
Dodging        | |  1.7

Action                   || total
-------------------------++-------
Melee: Hand axe          ||    87
       Punch             ||     2
       Touch             ||    13
Invok: Berserk           ||     2
       Trog's Hand       ||     1
 Stab: Sleeping          ||     1
Armor: Animal skin       ||    23
Dodge: Dodged            ||    65

Table legend: (Time is in decaauts)
 A = Elapsed time spent in this place.
 B = Non-inter-level travel time spent in this place.
 C = Inter-level travel time spent in this place.
 D = Time resting spent in this place.
 E = Time spent auto-exploring this place.
 F = Levels seen in this place.
 G = Mean time per level.
                   A        B        C        D        E       F      G
               +--------+--------+--------+--------+--------+-----+--------+
         Total |   1930 |   1905 |     25 |    509 |   1193 |   3 |  643.3 |
       Dungeon |   1930 |   1905 |     25 |    509 |   1193 |   3 |  643.3 |
               +--------+--------+--------+--------+--------+-----+--------+

Top non-repeatable levels by time:
     D:1: 1220 daAuts
     D:2: 673 daAuts
     D:3: 36 daAuts
